 Dungeon Crawl Stone Soup version 0.30-b1-2-g02819fbbbe (webtiles) character file.

Game seed: 4530174710173717270

199518 LLlMATKO the Severer (level 17, -9/247 HPs)
             Began as a Minotaur Berserker on Aug 9, 2023.
             Was the Champion of Trog.
             Succumbed to a naga mage's bolt of poison
             ... on level 1 of the Snake Pit.
             The game lasted 00:34:46 (31898 turns).

LLlMATKO the Severer (Minotaur Berserker)          Turns: 31898, Time: 00:34:46

Health: -9/247     AC: 27    Str: 35    XL:     17   Next: 84%
Magic:  16/16      EV: 15    Int:  4    God:    Trog [******]
Gold:   2016       SH: 24    Dex: 14    Spells: 16/16 levels left

rFire   . . .        T - +7 broad axe (heavy)
rCold   . . .        j - +0 tower shield
rNeg    . . .        B - +1 plate armour
rPois   .            (helmet restricted)
rElec   .            m - +1 cloak {Will+}
rCorr   .            H - +1 pair of gloves "Halung" {+Inv}
SInv    .            w - +1 pair of boots {Stlth+}
Will    +++..        R - amulet "Jalam" {Reflect Will+ Str+3 SH+5} Stlth
                     n - ring of flight
HPRegen 0.61/turn    D - +6 ring of strength
MPRegen 0.15/turn

%: reflection
@: berserking, lethally poisoned (-9 -> -66), flying, slowed
A: horns 2, retaliatory headbutt
}: 1/15 runes: barnacled
a: Renounce Religion, Evoke Invisibility, Berserk, Trog's Hand, Brothers in Arms


You were on level 1 of the Snake Pit.
You worshipped Trog.
Trog was exalted by your worship.
You visited 5 branches of the dungeon, and saw 27 of its levels.

You collected 2994 gold pieces.
You spent 978 gold pieces at shops.

Inventory:

Hand Weapons
 Q - a +4 spectral war axe
 T - a +7 heavy broad axe (weapon)
 X - the +2 war axe of Subterfuge {flame, Will++}
   (Trog gifted it to you on level 3 of the Lair of Beasts)

   Will:      It greatly increases your willpower.
Missiles
 v - 83 poisoned darts (quivered)
 y - a throwing net
 F - 7 silver javelins
Armour
 h - the +10 tower shield of Ignorance {rN+ Int-4}
   (You acquired it on level 1 of the Orcish Mines)

   Int:       It affects your intelligence (-4).
   rN:        It protects you from negative energy.
 j - a +0 tower shield (worn)
 m - a +1 cloak of willpower (worn)
 w - a +1 pair of boots of stealth (worn)
 B - a +1 plate armour (worn)
 H - the +1 pair of gloves "Halung" (worn) {+Inv}
   (You found it on level 10 of the Dungeon)

   +Inv:      It lets you turn invisible.
Jewellery
 c - a +5 ring of evasion
 l - a +4 ring of protection
 n - a ring of flight (left hand)
 p - a ring of protection from fire
 t - a ring of protection from cold
 D - a +6 ring of strength (right hand)
 R - the amulet "Jalam" (around neck) {Reflect Will+ Str+3 SH+5}
   (You found it on level 1 of the Lair of Beasts)

   [amulet of reflection]

   It reflects blocked missile attacks.
   Str:       It affects your strength (+3).
   SH:        It affects your SH (+5).
   Will:      It increases your willpower.
 V - a ring of willpower
 W - a ring of willpower
Wands
 i - a wand of flame (34)
 k - a wand of digging (1)
 u - a wand of charming (8)
 I - a wand of acid (4)
 J - a wand of roots (5)
 N - a wand of polymorph (9)
 P - a wand of mindburst (31)
Scrolls
 a - 3 scrolls of butterflies
 b - 21 scrolls of teleportation
 f - 5 scrolls of fear
 o - 2 scrolls of magic mapping
 r - 6 scrolls of identify
 s - 5 scrolls of blinking
 x - 4 scrolls of enchant armour
 C - 7 scrolls of fog
 G - 6 scrolls of enchant weapon
Potions
 d - 7 potions of flight
 e - 3 potions of cancellation
 g - 3 potions of heal wounds
 q - 13 potions of curing
 z - 2 potions of invisibility {unknown}
 A - a potion of resistance
 L - 3 potions of might
 M - a potion of haste {unknown}
 S - 5 potions of berserk rage {unknown}


   Skills:
 + Level 18.3 Fighting
 + Level 18.3 Axes
 + Level 18.2 Armour
 + Level 16.7 Dodging
 + Level 16.2 Shields


You had 16 spell levels left.
You didn't know any spells.
Your spell library was empty.

Dungeon Overview and Level Annotations

Branches:
Dungeon (15/15)            Temple (0/1) D:4            Lair (5/5) D:9
 Shoals (4/4) Lair:2        Snake (1/4) Lair:2        Slime (0/5) Lair:4
    Orc (2/2) D:10            Elf (0/3) Orc:2        Vaults (0/5) D:13
 Depths (0/4) D:15

Altars:
Ashenzari
Dithmenos
Elyvilon
Fedhas
Hepliaklqana
Qazlal
Sif Muna
Uskayaw
Wu Jian
Xom
Jiyva

Shops:
D:3 [   D:7 (   D:11 :   D:13 (*   Orc:1 **   Orc:2 :*[(*   Shoals:1 [
Shoals:4 *


Innate Abilities, Weirdness & Mutations

You have a pair of horns on your head.
You reflexively headbutt those who attack you in melee.


Message History

* * * LOW HITPOINT WARNING * * *
You feel as though you will be slow longer.
The naga mage constricts you.
The naga mage hits you with a +2 halberd of venom!
* * * LOW HITPOINT WARNING * * *
You are more poisoned.
You slash the naga mage!
The naga mage is heavily wounded.
You hit the naga mage.
* * * LOW HITPOINT WARNING * * *
You feel extremely sick. The naga mage spits poison at you.
The splash of poison hits you but does no damage.
You are lethally poisoned!
You have difficulty breathing.
* * * LOW HITPOINT WARNING * * *
You feel as though you will be slow longer.
The naga mage constricts you.
The naga mage points at you and mumbles some strange words.
The bolt of poison hits you!
You are more poisoned.
* * * LOW HITPOINT WARNING * * *
The naga spits poison at you.
You block splash of poison... and reflect it back!
The splash of poison misses the naga.
You slash the naga mage! You headbutt the naga mage.
You kill the naga mage!
Trog accepts your kill.
Trog appreciates your killing of a magic user.
You slash the naga mage!
* * * LOW HITPOINT WARNING * * *
You feel extremely sick. You block the naga mage's attack.
The naga mage closely misses you. You block the naga mage's attack.
The naga mage misses you.
You slice the naga mage!!
You feel the power of Trog in you as your rage grows.
You kill the naga mage!
Trog accepts your kill.
Trog appreciates your killing of a magic user.
You die...

#...............
#...............
............... ...
###~~~~~#....... ....N
+............... >....N.
#≈≈~~~~~........ .
#.......#≈~≈≈≈≈~.)...... #
#...##'###≈≈≈≈≈≈@)...... ≈
........###N)≈≈)###..... ≈
............~)≈## ... ≈
............#~#### # ≈
.................# ≈
##....).#........# ..... ≈
.....)...........#.......
#
.................#.......#
#
.................#.......#


You could see a naga (catching breath).

Vanquished Creatures
  Nikola (Shoals:4)
  Jorgrun (Orc:2)
  Mlioglotl (Shoals:3)
  Polyphemus (Shoals:4)
  3 krakens (Shoals:1)
  Kirke (D:13)
  Agnes (D:14)
  The ghost of redmage the Stormcaller, a journeyman MeEE of Cheibriados (Shoals:1)
  A deep elf sorcerer (Shoals:2)
  An orc warlord (Orc:2)
  A very ugly thing (D:15)
  A stone giant (D:10)
  Azrael (Orc:2)
  Snorg (D:14)
  A merfolk javelineer (Shoals:4)
  A spectral kraken (Shoals:2)
  6 merfolk impalers
  A great orb of eyes (D:15)
  4 hydras
  A rakshasa (D:15)
  Erolcha (Orc:2)
  Fannar (D:11)
  An ogre mage (D:15)
  4 vault guards (D:13)
  A catoblepas (Shoals:4)
  3 death knights
  8 centaur warriors
  3 ghost crabs (Shoals:2)
  2 merfolk avatars (Shoals:1)
  4 merfolk aquamancers
  7 two-headed ogres
  An alligator snapping turtle (Shoals:4)
  3 boulder beetles
  2 satyrs (Shoals:4)
  4 orc high priests
  5 tengu warriors
  A naga warrior (Snake:1)
  13 death yaks
  A naga sharpshooter (Snake:1)
  3 deep elf knights (Shoals:2)
  Amaemon (Lair:1)
  A skeletal warrior (D:13)
  2 skysharks (Shoals:3)
  A fire crab (Lair:5)
  11 sea snakes
  4 spectral merfolk
  4 deep elf archers (Shoals:2)
  Pikel (D:6)
  A phantasmal warrior (D:13)
  13 harpies
  2 deep elf zephyrmancers (Shoals:2)
  3 orc knights
  2 orc sorcerers
  2 mana vipers (Snake:1)
  An oklob plant (Lair:5)
  4 deep elf pyromancers
  A manticore (shapeshifter) (D:15)
  9 ugly things
  2 spectral alligator snapping turtles (Shoals:1)
  13 fauns
  13 manticores
  5 cyclopes
  11 black mambas
  10 merfolk sirens
  26 elephants
  4 water nymphs
  A gargoyle (D:10)
  3 naga magi (Snake:1)
  15 cane toads
  An orange demon (Lair:1)
  10 komodo dragons
  A rime drake (Lair:3)
  2 kobold demonologists
  2 unseen horrors
  An efreet (D:13)
  A tengu conjurer (D:13)
  3 freezing wraiths
  24 merfolk
  A spectral harpy (Shoals:2)
  8 polar bears
  3 meliai (D:13)
  A meliai (shapeshifter) (D:13)
  5 hornets (Lair:5)
  3 wind drakes
  A tarantella (shapeshifter) (D:14)
  3 blink frogs (Lair:2)
  4 trolls
  A spectral manticore (Shoals:1)
  20 dream sheep
  9 water elementals
  7 snapping turtles
  A spectral wind drake (Shoals:2)
  15 spriggans (Lair:5)
  12 slime creatures
  4 shadows
  7 wyverns
  3 fire elementals
  4 hogs (D:13)
  7 fire bats (Lair:4)
  A hog (shapeshifter) (D:15)
  52 yaks
  A sea snake simulacrum (Shoals:1)
  2 steam dragons
  6 wraiths
  A redback (shapeshifter) (D:13)
  3 vampire mosquitoes (D:12)
  4 basilisks
  Edmund (D:5)
  3 acid dragons
  9 wargs
  4 nagas
  5 water moccasins
  2 spectral snapping turtles (Shoals:2)
  13 black bears
  3 hell hounds (Orc:2)
  23 orc warriors
  An ice beast (D:5)
  2 sky beasts
  8 boggarts
  58 wolves
  11 ogres
  2 phantoms (D:6)
  18 centaurs
  4 lemures (D:6)
  7 kobold brigands
  A gnoll sergeant (D:10)
  A merfolk simulacrum (Shoals:1)
  13 bullfrogs
  4 scorpions
  14 wights
  15 killer bees
  2 troll zombies (D:10)
  4 howler monkeys
  5 electric eels
  5 jellies
  5 hounds
  A gnoll bouda (D:4)
  7 orc priests
  2 sleepcaps (D:6)
  2 iguanas
  23 orc wizards
  6 ogre zombies (D:10)
  10 gnolls
  11 adders
  A shadow imp (D:8)
  2 white imps
  3 worms (D:2)
  4 dart slugs
  60 orcs
  5 ball pythons
  4 bats
  6 endoplasms
  2 giant cockroaches
  7 goblins
  7 hobgoblins
  3 quokkas
  3 frilled lizards (D:3)
  3 goblin skeletons (D:10)
  2 goblin zombies (D:10)
  2 hobgoblin skeletons (D:10)
  2 hobgoblin zombies (D:10)
  38 kobolds
  4 orc skeletons (D:10)
  12 orc zombies (D:10)
  3 rats
  A butterfly (Lair:1)
  7 tentacles (Shoals:1)
984 creatures vanquished.

Vanquished Creatures (collateral kills)
  Rupert (Orc:2)
  A hydra (D:10)
  The ghost of Termiter the Reanimator, a novice DsNe of Nemelex Xobeh (Lair:1)
  An orc high priest (Orc:2)
  A skeletal warrior (D:10)
  2 orc knights (Orc:2)
  An orc sorcerer (Orc:2)
  3 spectral merfolk (Shoals:1)
  A cyclops (D:11)
  An unseen horror (D:10)
  A gargoyle (D:10)
  A spectral harpy (Shoals:1)
  A polar bear (Lair:4)
  2 yaks
  3 orc warriors
  A kobold brigand (D:10)
  A manticore simulacrum (Shoals:1)
  An orc wizard (Orc:2)
24 creatures vanquished.

Vanquished Creatures (others)
  Nessos (Lair:3)
  A merfolk aquamancer (Shoals:4)
  A manticore (Shoals:4)
  A cyclops (Shoals:4)
  A komodo dragon (D:13)
  43 fungi
  216 plants
  13 tentacles
  17 withered plants
294 creatures vanquished.

Grand Total: 1302 creatures vanquished

Notes
Turn   | Place    | Note
-------+----------+-------------------------------------------
     0 | D:1      | LLlMATKO the Minotaur Berserker began the quest for the
                  | Orb.
     0 | D:1      | Reached XP level 1. HP: 19/19 MP: 0/0
   276 | D:1      | Reached XP level 2. HP: 27/27 MP: 1/1
   807 | D:2      | Reached XP level 3. HP: 23/33 MP: 2/2
   895 | D:2      | Found a faded altar of an unknown god.
  1439 | D:2      | Reached XP level 4. HP: 41/41 MP: 3/3
  1447 | D:2      | You fall into a shaft and drop 1 floor!
  1693 | D:3      | Found Turgh's Antique Armour Shoppe.
  1712 | D:3      | Reached ** piety under Trog
  1840 | D:3      | Found a white marble altar of Elyvilon.
  1951 | D:2      | Reached XP level 5. HP: 47/47 MP: 4/4
  2355 | D:3      | Found a stormy altar of Qazlal.
  2546 | D:3      | Reached skill level 5 in Fighting
  2546 | D:3      | Reached skill level 5 in Axes
  2651 | D:4      | Reached XP level 6. HP: 56/56 MP: 5/5
  2939 | D:4      | Reached skill level 5 in Armour
  2939 | D:4      | Reached XP level 7. HP: 62/62 MP: 6/6
  3024 | D:4      | Found a staircase to the Ecumenical Temple.
  3341 | D:5      | Entered Level 5 of the Dungeon
  3482 | D:5      | Reached *** piety under Trog
  3522 | D:5      | Reached skill level 5 in Dodging
  3756 | D:5      | Noticed Edmund
  3770 | D:5      | Killed Edmund
  3906 | D:5      | Reached XP level 8. HP: 69/71 MP: 7/7
  4293 | D:6      | Noticed Pikel
  4307 | D:6      | Killed Pikel
  4454 | D:6      | Found a broken altar of Ashenzari.
  4482 | D:6      | Reached XP level 9. HP: 78/81 MP: 8/8
  4978 | D:6      | Identified the +1 leather armour of the Iron City of Dis
                  | {rPois rF+ rC++ Will- Int+3}
  5404 | D:7      | Found a hide-covered altar of Uskayaw.
  5419 | D:7      | Identified the +2 robe "Ugryczod" {Dex+2}
  5540 | D:7      | Found Lugea's Antique Weapon Emporium.
  5701 | D:7      | Found a hazy altar of Hepliaklqana.
  5870 | D:8      | Reached **** piety under Trog
  6321 | D:8      | Noticed a two-headed ogre
  6329 | D:8      | Killed a two-headed ogre
  6330 | D:8      | Reached skill level 1 in Shields
  6330 | D:8      | Reached XP level 10. HP: 91/91 MP: 9/9
  6722 | D:8      | Found a blossoming altar of Fedhas.
  6859 | D:9      | Reached skill level 10 in Axes
  6865 | D:9      | Reached skill level 10 in Fighting
  6977 | D:9      | Found a staircase to the Lair.
  7372 | D:9      | Reached skill level 10 in Armour
  7559 | D:9      | Found an ornate altar of the Wu Jian Council.
  7620 | D:10     | Entered Level 10 of the Dungeon
  7747 | D:10     | Identified the +1 pair of gloves "Halung" {+Inv}
  7784 | D:10     | Reached ***** piety under Trog
  7787 | D:10     | Found a staircase to the Orcish Mines.
  7802 | D:10     | Reached XP level 11. HP: 101/101 MP: 10/10
  7814 | D:10     | Reached skill level 5 in Shields
  8059 | D:10     | Noticed a stone giant
  8070 | D:10     | Killed a stone giant
  8320 | D:10     | Noticed a two-headed ogre
  8320 | D:10     | Noticed an eight-headed hydra
  8321 | D:10     | Noticed a skeletal warrior
  8323 | D:10     | Noticed a brown ugly thing
  8334 | D:10     | Killed a two-headed ogre
  8335 | D:10     | Killed an eight-headed hydra
  8336 | D:10     | Reached skill level 10 in Dodging
  8341 | D:10     | Killed a brown ugly thing
  8348 | D:10     | Killed a skeletal warrior
  9896 | D:11     | Reached XP level 12. HP: 105/111 MP: 11/11
 10060 | D:11     | Found Qextas's Book Emporium.
 10093 | D:11     | Noticed Fannar
 10103 | D:11     | Killed Fannar
 10207 | D:11     | Noticed a tengu warrior
 10207 | D:11     | Found a shimmering altar of Xom.
 10215 | D:11     | Killed a tengu warrior
 11086 | Lair:1   | Entered Level 1 of the Lair of Beasts
 11199 | Lair:1   | Noticed Amaemon
 11210 | Lair:1   | Killed Amaemon
 11222 | Lair:1   | Identified the amulet "Jalam" {Reflect Will+ Str+3 SH+5}
 11459 | Lair:1   | Found a runed translucent door.
 11838 | Lair:1   | Received a gift from Trog
 12383 | Lair:1   | Noticed Termiter's ghost (novice DsNe)
 12688 | Lair:1   | Killed Termiter's ghost
 12690 | Lair:1   | Identified the +1 mace of Terror {holy, Will+ Str+3 SInv}
 12731 | Lair:2   | Found a staircase to the Shoals.
 12785 | Lair:2   | Reached XP level 13. HP: 101/122 MP: 12/12
 12995 | Lair:2   | Found a staircase to the Snake Pit.
 13762 | Lair:3   | Noticed Nessos
 13773 | Lair:3   | Killed Nessos
 13885 | Lair:3   | Reached skill level 10 in Shields
 14013 | Lair:3   | Identified the +2 war axe of Subterfuge {flame, Will++}
                  | (Trog gifted it to you on level 3 of the Lair of Beasts)
 14013 | Lair:3   | Received a gift from Trog
 14324 | Lair:4   | Found a viscous altar of Jiyva.
 14324 | Lair:4   | Found a staircase to the Slime Pits.
 15342 | Lair:5   | Entered Level 5 of the Lair of Beasts
 15353 | Lair:5   | Received a gift from Trog
 15361 | Lair:5   | Reached XP level 14. HP: 132/132 MP: 13/13
 16030 | Lair:5   | Reached skill level 15 in Fighting
 16075 | Lair:5   | Reached skill level 15 in Axes
 16537 | Lair:5   | Reached skill level 15 in Armour
 16787 | Lair:5   | Identified the staff of conjuration "Byexzusy" {Str+3}
 17253 | Lair:5   | Received a gift from Trog
 18381 | D:12     | Reached XP level 15. HP: 141/141 MP: 14/14
 18476 | D:13     | Found Uqeuc's Hallowed Reliquary.
 18619 | D:13     | Found Soduykk's Weapon Shoppe.
 18693 | D:13     | Noticed Kirke
 18715 | D:13     | Killed Kirke
 18840 | D:13     | Found a gate to the Vaults.
 19855 | D:14     | Noticed Agnes
 19866 | D:14     | Killed Agnes
 20162 | D:14     | Found a shadowy altar of Dithmenos.
 20170 | D:14     | Noticed Snorg
 20176 | D:14     | Killed Snorg
 20722 | Orc:1    | Entered Level 1 of the Orcish Mines
 20802 | Orc:2    | Entered Level 2 of the Orcish Mines
 20913 | Orc:1    | Found Neesur's Specific Store.
 20922 | Orc:1    | Paralysed by an orc sorcerer for 5 turns
 21108 | Orc:1    | Found Babben's General Store.
 21114 | Orc:1    | Bought a scroll of acquirement for 780 gold pieces
 21170 | Orc:1    | Acquired the +10 tower shield of Ignorance {rN+ Int-4}
 21170 | Orc:1    | Found the +10 tower shield of Ignorance {rN+ Int-4}
 21240 | Orc:1    | Reached ****** piety under Trog
 21439 | Orc:2    | Found Maikag's Antique Weapon Boutique.
 21440 | Orc:2    | Noticed Azrael
 21451 | Orc:2    | Killed Azrael
 21458 | Orc:2    | Received a gift from Trog
 21467 | Orc:2    | Noticed Rupert
 21472 | Orc:2    | Killed Rupert
 21624 | Orc:2    | Found Befier's General Store.
 21756 | Orc:2    | Noticed Erolcha
 21760 | Orc:2    | Found Mamou's Antique Armour Boutique.
 21768 | Orc:2    | Killed Erolcha
 22022 | Orc:2    | Noticed Jorgrun
 22044 | Orc:2    | Killed Jorgrun
 22045 | Orc:2    | Reached skill level 15 in Dodging
 22045 | Orc:2    | Reached XP level 16. HP: 135/152 MP: 15/15
 22049 | Orc:2    | Found Refaut's General Store.
 22174 | Orc:2    | Bought a +1 cloak of willpower for 198 gold pieces
 22366 | Orc:2    | Found a staircase to the Elven Halls.
 22375 | Orc:2    | Found Bissir's Book Emporium.
 22671 | D:15     | Entered Level 15 of the Dungeon
 23389 | D:15     | Received a gift from Trog
 23413 | D:15     | Found a staircase to the Depths.
 23910 | Shoals:1 | Entered Level 1 of the Shoals
 23976 | Shoals:1 | Noticed a kraken
 23982 | Shoals:1 | Killed a kraken
 24134 | Shoals:1 | Noticed a kraken
 24140 | Shoals:1 | Killed a kraken
 24374 | Shoals:1 | Found a runed translucent gate.
 24375 | Shoals:1 | Found a runed translucent gate.
 24376 | Shoals:1 | Found a runed translucent gate.
 24377 | Shoals:1 | Noticed redmage's ghost (journeyman MeEE)
 24597 | Shoals:1 | You are sucked into a shaft and drop 1 floor!
 24659 | Shoals:1 | Found a shimmering blue altar of Sif Muna.
 24662 | Shoals:1 | Noticed a kraken
 24674 | Shoals:1 | Killed a kraken
 25127 | Shoals:1 | HP: 9/232 [poisoned by a merfolk impaler]
 25129 | Shoals:1 | HP: 1/155 [poisoned by a merfolk impaler]
 25613 | Shoals:1 | Found Ewafuv's Armour Shoppe.
 25701 | Shoals:1 | Killed redmage's ghost
 25702 | Shoals:1 | Reached skill level 15 in Shields
 25708 | Shoals:1 | Received a gift from Trog
 25714 | Shoals:1 | Identified the +0 cloak of the World {*Slow +Blink rElec}
 26352 | Shoals:2 | Reached XP level 17. HP: 162/162 MP: 16/16
 28242 | Shoals:4 | Entered Level 4 of the Shoals
 28242 | Shoals:4 | Noticed Polyphemus
 28581 | Shoals:4 | Killed Polyphemus
 28749 | Shoals:4 | Noticed Mlioglotl
 28771 | Shoals:3 | Killed Mlioglotl
 28814 | Shoals:4 | Noticed Nikola
 28826 | Shoals:4 | Killed Nikola
 29561 | Shoals:4 | Received a gift from Trog
 29610 | Shoals:4 | Found Piogun's Weapon Emporium.
 30068 | Shoals:4 | Found the +12 pair of quick blades "Gyre" and "Gimble"
                  | {protect}
 30075 | Shoals:4 | Found Carugin's Commerce Corner.
 30541 | Shoals:4 | Got a barnacled rune of Zot
 31557 | Snake:1  | Entered Level 1 of the Snake Pit
 31897 | Snake:1  | HP: 6/247 [poisoned by a naga mage (bolt of poison)]
 31898 | Snake:1  | Succumbed to a naga mage's bolt of poison

Illustrated notes

Levels and vault maps discovered:
D:1:      tarquinn_simple_flora_water_a, layout_loops_ring, st_stairs_6
D:2:      layout_basic, chequers_ecumenical_altar_island
D:3:      layout_rooms, mainiacjoe_overflow_catch_the_wave, serial_shops,
          nicolae_square_shop, nicolae_half_adder
D:4:      layout_basic, minmay_temple_entry_sparse_star
D:5:      layout_loops_corners, uniq_edmund
D:6:      layout_cave_pools, nicolae_overflow_hidden_temple,
          serial_bayou_ford_a, uniq_pikel
D:7:      layout_loops_ring, amcnicky_altar_gilded, nzn_hepliaklqana_mist_gate,
          serial_shops, nicolae_shop_back_alley_shop, hangedman_decor_growths
D:8:      layout_rooms, fedhas_altar_fruit_tree,
          minmay_fractal_squares_diagonal_5
D:9:      layout_rooms, nicolae_wu_jian_glorious_leap, erik_lair_orcish_takeover
D:10:     minmay_bloctagon, layout_irregular_city, zombieorc2_lemuel,
          kennysheep_just_a_vault
D:11:     layout_basic, serial_shops, kennysheep_mini, tgw_xom, uniq_fannar
D:12:     layout_irregular_city, feat_on_display
D:13:     layout_loops_cross, lightli_vaults_fourway_checkpoint, serial_shops,
          nicolae_shop_mannequins, nicolae_good_shop, uniq_kirke
D:14:     layout_basic, nicolae_dithmenos_the_darkroom, uniq_snorg, uniq_agnes
D:15:     gammafunk_enter_depths_forms, layout_long_grid,
          chequers_serial_rivers_room_b
Lair:1:   layout_gridlike, gammafunk_ghost_grave, gammafunk_lair_bear_cave,
          grunt_megastairs_5, lemuel_fruit_fields, uniq_amaemon
Lair:2:   layout_roguey, elwin_shoals_entry_stream, guppyfry_snake_entry_island,
          serial_rivers, chequers_serial_rivers_large_a,
          chequers_serial_rivers_large_b, chequers_serial_rivers_micro_e,
          chequers_serial_rivers_micro_b
Lair:3:   layout_long_grid, beast_lair_carwin_10, uniq_nessos
Lair:4:   layout_gridlike, minmay_slime_entry_pillars
Lair:5:   minmay_lair_end_enchanted_forest, layout_gridlike,
          grunt_forest_large_clearings
Shoals:1: layout_shoals, serial_shops, shop, gammafunk_ghost_necromancy,
          wheals_shoals_ruined_temple
Shoals:2: nicolae_shoals_deep_elves_summer_vacation, layout_shoals,
          nicolae_shoals_spectral_cove
Shoals:3: layout_shoals
Shoals:4: shoals_end_grunt_garden, layout_shoals, serial_shops,
          nicolae_shop_competitors_out_of_business, nicolae_alphabet_shops,
          nicolae_shoals_lost_giant_pillars, uniq_mlioglotl, uniq_polyphemus,
          uniq_nikola
Snake:1:  layout_basic, serial_corexii_hall, corexii_hall_statues_t,
          chequers_hall_statues_corner_a, corexii_hall_statues_l
Orc:1:    layout_diamond_mine, basic_altar, nicolae_specific_store,
          nooodl_orcs_dogs
Orc:2:    grunt_orc_gardens, layout_caves, grunt_orc_garden, grunt_orc_garden,
          grunt_orc_garden, grunt_orc_garden, serial_shops, shop_statue,
          special_room, uniq_azrael, uniq_rupert, uniq_jorgrun, uniq_erolcha

Skill      XL: |  1  2  3  4  5  6  7  8  9 10 11 12 13 14 15 16 17 |
---------------+----------------------------------------------------+-----
Fighting       | 4 5 6 7 9 10 11 13 14 15 16 17 18 | 18.3
Axes           | 4 5 6 7 9 10 11 13 14 15 16 17 18 | 18.3
Armour         | 3 4 5 6 7 9 10 11 12 13 15 16 17 18 | 18.2
Dodging        | 3 4 5 6 8 9 10 11 12 13 15 16 | 16.7
Shields        | 1 4 7 9 11 12 13 15 16 | 16.2

Action                     |  1- 3 |  4- 6 |  7- 9 | 10-12 | 13-15 | 16-18 || total
---------------------------+-------+-------+-------+-------+-------+-------++-------
  Melee: Hand axe          |    82 |   103 |   227 |   355 |       |       ||   767
         Headbutt          |    14 |    14 |    40 |    97 |   132 |   109 ||   406
         Punch             |     4 |       |     4 |       |     1 |       ||     9
         War axe           |       |       |       |    60 |    42 |       ||   102
         Broad axe         |       |       |       |    43 |   581 |   507 ||  1131
         Unarmed           |       |       |       |       |    11 |       ||    11
  Throw: Javelin           |       |       |       |       |     2 |       ||     2
         Dart              |       |       |       |       |       |    12 ||    12
 Invoke: Berserk           |     1 |     3 |     5 |    11 |    14 |    10 ||    44
         Brothers in Arms  |       |       |       |     3 |     4 |     1 ||     8
         Trog's Hand       |       |       |       |     2 |     8 |     2 ||    12
  Evoke: Wand              |       |       |       |     3 |       |       ||     3
    Use: Scroll            |       |       |       |       |    28 |     2 ||    30
         Potion            |       |       |       |       |       |     1 ||     1
   Stab: Distracted        |       |       |       |       |     1 |     2 ||     3
 Armour: Animal skin       |     9 |       |       |       |       |       ||     9
         Scale mail        |    16 |    66 |    46 |       |       |       ||   128
         Chain mail        |       |       |    76 |    80 |       |       ||   156
         Plate armour      |       |       |       |   116 |   404 |   193 ||   713
  Dodge: Dodged            |    51 |    65 |   104 |   207 |   337 |   184 ||   948
  Block: Kite shield       |       |       |     5 |   224 |   470 |       ||   699
         Reflection        |       |       |       |       |    38 |    96 ||   134
         Tower shield      |       |       |       |       |   141 |   676 ||   817
         Other             |       |       |       |       |    15 |       ||    15
